 Dungeon Crawl Stone Soup version 0.25-a0-815-gab441bd002 (webtiles) character file.

Game seed: 7955210105685432333, levelgen mode: deterministic

2065 RebelMe the Geomancer (level 9, -10/45 HPs)
             Began as a Gargoyle Earth Elementalist on Apr 20, 2020.
             Was a Follower of Vehumet.
             Mangled by a manticore (12 damage)
             ... on level 10 of the Dungeon.
             The game lasted 00:38:16 (7111 turns).

RebelMe the Geomancer (Gargoyle Earth Elementalist) Turns: 7111, Time: 00:38:16

Health: -10/45     AC: 17    Str: 11    XL:     9   Next: 26%
Magic:  20/20      EV: 12    Int: 20    God:    Vehumet [*.....]
Gold:   313        SH:  0    Dex: 10    Spells: 14/23 levels left

rFire    + . .     SeeInvis +   L - +4 dire flail (freeze)
rCold    . . .     Gourm    .   (shield currently unavailable)
rNeg     + . .     Faith    .   C - +2 robe {rF+}
rPois    ∞         Spirit   .   p - +0 helmet
rElec    +         Reflect  .   (no cloak)
rCorr    .         Harm     .   z - +1 pair of gloves
MR       .....                  q - +0 pair of boots {Fly}
Stlth    ++........             (no amulet)
HPRegen  0.15/turn              A - ring of see invisible
MPRegen  0.17/turn              j - +3 ring of protection

@: barbed spikes, flying
A: negative energy resistance 1, electricity resistance, unbreathing,
petrification resistance, rot immunity, AC +6
a: Renounce Religion, Stop Flying


You were on level 10 of the Dungeon.
You worshipped Vehumet.
Vehumet was aware of your devotion.
You were not hungry.

You visited 2 branches of the dungeon, and saw 11 of its levels.

You collected 359 gold pieces.
You spent 46 gold pieces at shops.

Inventory:

Hand Weapons
 L - a +4 dire flail of freezing (weapon)
Missiles
 b - 77 stones (quivered)
Armour
 n - +0 fire dragon scales
 p - a +0 helmet (worn)
 q - a +0 pair of boots of flying (worn)
 w - a +3 leather armour of fire resistance
 z - a +1 pair of gloves (worn)
 C - a +2 robe of fire resistance (worn)
 E - the +2 ring mail "Ninafat" {+Fly rCorr Int+5 Dex-4}
   (You found it on level 6 of the Dungeon)

   It affects your intelligence (+5).
   It affects your dexterity (-4).
   It lets you fly.
   It provides partial protection from all sources of acid and corrosion.
Magical Staves
 c - an uncursed staff of wizardry
Jewellery
 j - a +3 ring of protection (right hand)
 A - a ring of see invisible (left hand)
Wands
 h - a wand of paralysis (7)
 v - a wand of random effects (9)
 I - a wand of iceblast (11)
 J - a wand of disintegration (8)
Scrolls
 e - 2 scrolls of fog
 i - 2 scrolls of enchant weapon {unknown}
 k - 3 scrolls of amnesia {unknown}
 r - a scroll of enchant armour {unknown}
 s - 3 scrolls of random uselessness {unknown}
 t - 3 scrolls of teleportation {unknown}
 u - a scroll of fear {unknown}
 x - a scroll of immolation {unknown}
 y - 3 scrolls of remove curse {unknown}
 F - 2 scrolls of noise {unknown}
 H - a scroll of blinking {unknown}
Potions
 a - a potion of flight
 g - 3 potions of haste
 l - a potion of brilliance
 m - 4 potions of might
 o - 5 potions of curing
 B - a potion of ambrosia
 D - a potion of magic {unknown}
 G - a potion of experience {unknown}
 K - a potion of cancellation {unknown}
Comestibles
 d - 17 rations


   Skills:
 - Level 2.1 Maces & Flails
 - Level 1.5 Dodging
 - Level 2.1 Stealth
 + Level 7.7 Spellcasting
 + Level 2.2 Conjurations
   Level 0.7 Transmutations
 + Level 10.2 Earth Magic


You had 14 spell levels left.
You knew the following spells:

 Your Spells              Type           Power        Failure   Level  Hunger
a - Sandblast             Erth           #####.       1%          1    None
b - Stone Arrow           Conj/Erth      ####..       1%          3    None
c - Lee's Rapid Deconstr  Erth           #####.....   3%          5    #####..

Your spell library contained the following spells:

 Spells                   Type           Power        Failure   Level  Hunger
 Shock                    Conj/Air       ##..         5%          1    None
 Passwall                 Tmut/Erth      ####....     1%          2    None
 Petrify                  Tmut/Erth      ####....     10%         4    ###....


Dungeon Overview and Level Annotations

Branches:
Dungeon (11/15)            Temple (1/1) D:4
   Lair: D:8-11         Orc: D:9-12

Altars:
Ashenzari
Cheibriados
Dithmenos
Elyvilon
Fedhas
Gozag
Hepliaklqana
Makhleb
Okawaru
Trog
Vehumet
Wu Jian
Xom
Yredelemnul
Zin
The Shining One

Shops:
D:4 *


Innate Abilities, Weirdness & Mutations

You are resistant to torment.
Your stone body is resilient. (AC +6)
You are immune to poison.
You resist negative energy. (rN+)
You are resistant to electric shocks. (rElec)
You can survive without breathing.
You are immune to petrification.
You are immune to rotting.


Message History

The manticore claws you but does no damage. x2
You feel less invigorated.
You feel less confused. The manticore barely misses you.
The manticore claws you but does no damage. x2
Okay, then.
Aiming: Disintegrate
Press: ? - help, Shift-Dir - straight line, f - manticore
Aim: a manticore (chance to defeat MR: 48%)
The manticore is blasted!
The manticore bites you!
* * * LOW HITPOINT WARNING * * *
The manticore claws you but does no damage.
The manticore claws you.
* * * LOW HITPOINT WARNING * * *
Evoke which item? (* to show all) (? for menu, Esc to quit)
Aiming: Disintegrate
Press: ? - help, Shift-Dir - straight line, f/p - manticore
Aim: a manticore (moderately wounded, chance to defeat MR: 48%)
The manticore is blasted!!
The manticore bites you!
You die... ##############. ..[..nH@....... ###############

You could see a manticore and a necrophage.

Vanquished Creatures
  Joseph (D:7)
  2 black bears (D:6)
  An orc warrior (D:7)
  A phantom (D:6)
  3 centaurs
  2 bullfrogs (D:7)
  A wyvern zombie (D:7)
  3 killer bees (D:6)
  3 howler monkeys
  3 wights (D:7)
  A quasit (D:5)
  3 orc priests
  2 hounds
  An iguana (D:7)
  3 orc wizards
  A worker ant (D:4)
  2 killer bee zombies
  3 gnolls (D:3)
  8 adders
  2 oozes
  2 worms (D:2)
  2 dart slugs
  7 leopard geckos
  11 orcs
  12 giant cockroaches
  6 goblins
  4 hobgoblins
  6 jackals
  5 kobolds
  2 ball pythons
  9 bats
  6 frilled lizards
  3 quokka skeletons (D:6)
  8 rats
129 creatures vanquished.

Notes
Turn   | Place    | Note
-------+----------+-------------------------------------------
     0 | D:1      | RebelMe the Gargoyle Earth Elementalist began the quest for
                  | the Orb.
     0 | D:1      | Reached XP level 1. HP: 10/10 MP: 3/3
   101 | D:1      | Reached skill level 4 in Earth Magic
   316 | D:1      | Reached XP level 2. HP: 11/15 MP: 1/5
   396 | D:1      | Found a shattered altar of Ashenzari.
   918 | D:2      | Reached XP level 3. HP: 14/19 MP: 6/6
  1288 | D:2      | Reached skill level 1 in Maces & Flails
  1493 | D:2      | Reached XP level 4. HP: 17/24 MP: 5/8
  1709 | D:3      | Learned a level 3 spell: Stone Arrow
  1719 | D:3      | Reached skill level 5 in Earth Magic
  1946 | D:3      | Reached XP level 5. HP: 28/28 MP: 9/9
  2386 | D:3      | Reached XP level 6. HP: 28/32 MP: 6/11
  2516 | D:3      | Found a glowing golden altar of the Shining One.
  2675 | D:4      | Found a shattered altar of Ashenzari.
  2675 | D:4      | Found a radiant altar of Vehumet.
  2688 | D:4      | Became a worshipper of Vehumet
  2760 | D:4      | Found Afe Imm's General Store.
  2768 | D:4      | Bought a scroll of identify for 20 gold pieces
  2768 | D:4      | Bought 7 stones for 7 gold pieces
  2768 | D:4      | Bought 19 stones for 19 gold pieces
  2975 | D:4      | You are sucked into a shaft and drop 2 floors!
  2978 | D:5      | Entered Level 5 of the Dungeon
  3176 | D:5      | Reached skill level 6 in Earth Magic
  3272 | D:4      | Reached skill level 1 in Conjurations
  3766 | D:4      | Found a staircase to the Ecumenical Temple.
  3850 | D:4      | Reached XP level 7. HP: 36/36 MP: 4/13
  4121 | Temple   | Entered the Ecumenical Temple
  4688 | D:6      | Reached skill level 5 in Spellcasting
  4714 | D:6      | Reached * piety under Vehumet
  4714 | D:6      | Offered knowledge of Shock by Vehumet.
  4770 | D:6      | Got an encrusted ring mail
  4806 | D:5      | Identified the +2 ring mail "Ninafat" {+Fly rCorr Int+5
                  | Dex-4} (You found it on level 6 of the Dungeon)
  5030 | D:6      | Reached skill level 7 in Earth Magic
  5133 | D:6      | Reached XP level 8. HP: 41/41 MP: 11/16
  5157 | D:6      | Found a bloodstained altar of Trog.
  5175 | D:6      | Found a blossoming altar of Fedhas.
  5365 | D:6      | Reached skill level 8 in Earth Magic
  5641 | D:6      | Learned a level 5 spell: Lee's Rapid Deconstruction
  6202 | D:7      | Noticed Joseph
  6426 | D:7      | Reached skill level 9 in Earth Magic
  6752 | D:7      | Reached XP level 9. HP: 45/45 MP: 13/19
  6981 | D:7      | Killed Joseph
  6981 | D:7      | Reached skill level 10 in Earth Magic
  7096 | D:8      | You are sucked into a shaft and drop 3 floors!
  7097 | D:11     | Noticed a manticore
  7103 | D:10     | Entered Level 10 of the Dungeon
  7105 | D:10     | HP: 2/45 [manticore (10)]
  7110 | D:10     | HP: 2/45 [manticore (1)]
  7111 | D:10     | Mangled by a manticore

Levels and vault maps discovered:
D:1:      lightli_arrival_windingriver, layout_basic, evilmike_ruin_ashenzari
D:2:      layout_basic
D:3:      layout_basic, lemuel_doored_altar, grunt_decor_arrowhead
D:4:      layout_basic, gammafunk_temple_overflow_pools,
          minmay_temple_entry_from_below_a, first_ration, serial_shops, shop,
          minmay_fractal_squares_diagonal_5
D:5:      layout_rooms
D:6:      layout_basic, fedhas_altar_1, trog_ov_bears_minmay
D:7:      layout_basic, uniq_joseph
D:8:      layout_basic, david_lair_shrubbed
D:10:     layout_long_grid, ebering_ghost_xom
D:11:     layout_gridville, serial_shops, nicolae_shop_window_shopping,
          uniq_josephine
Temple:   hc_temple_tempest_star

Skill      XL: |  1  2  3  4  5  6  7  8  9 |
---------------+----------------------------+-----
Earth Magic    | 4 5 6 7 9 10 | 10.2
Maces & Flails | 1 2 |  2.1
Spellcasting   | 3 4 5 7 |  7.7
Conjurations   | 1 2 |  2.2
Dodging        | |  1.5
Stealth        | |  2.1
Transmutations | |  0.7

Action                   |  1- 3 |  4- 6 |  7- 9 || total
-------------------------+-------+-------+-------++-------
Melee: Unarmed           |     6 |       |       ||     6
       Whip              |    88 |   146 |    12 ||   246
       Staff             |       |       |     8 ||     8
       Dire flail        |       |       |    11 ||    11
 Cast: Sandblast         |    25 |    41 |    63 ||   129
       Stone Arrow       |       |    18 |     9 ||    27
       Lee's Rapid Decon |       |       |     7 ||     7
Evoke: Wand              |       |       |     3 ||     3
  Use: Scroll            |     3 |     3 |     3 ||     9
       Potion            |       |       |     1 ||     1
 Stab: Sleeping          |     3 |       |       ||     3
       Distracted        |       |     1 |       ||     1
  Eat: Chunk             |     2 |     6 |     5 ||    13
       Ration            |       |     1 |     2 ||     3
Armor: Robe              |    39 |    81 |    58 ||   178
Dodge: Dodged            |    58 |   132 |    52 ||   242

Table legend:
 A = Non-vault XP
 B = Vault XP
 C = Vault XP percentage of total XP
 D = Non-vault monster count
 E = Vault monster count
 F = Vault count percentage of total count
                 A         B        C        D         E       F
            +---------+---------+-------+---------+---------+-------
      Total |    2155 |     795 |  26.9 |     123 |       6 |   4.7
            +---------+---------+-------+---------+---------+-------
        D:1 |      24 |       0 |   0.0 |      15 |       0 |   0.0
        D:2 |      75 |       0 |   0.0 |      24 |       0 |   0.0
        D:3 |     221 |       0 |   0.0 |      34 |       0 |   0.0
        D:4 |     179 |      39 |  17.9 |      12 |       3 |  20.0
        D:5 |     259 |       0 |   0.0 |       8 |       0 |   0.0
        D:6 |     478 |     254 |  34.7 |      13 |       2 |  13.3
        D:7 |     919 |     502 |  35.3 |      17 |       1 |   5.6
            +---------+---------+-------+---------+---------+-------
